AoeStats
← Velcott

QS Arena

503073957Analyzed
3v3 RM · 1mo ago on Aug 30, 2026· 26m 20s· 6 players
Game mode
Random Map
Map size
Normal (6 player)
Population
200
Speed
Normal
Resources
Standard
Victory
Conquest
Starting age
Dark Age
Ending age
Imperial Age
RankedLock teamsTeams togetherTeam positionsShared explorationLock speedFull tech treeHidden civsTurbo modeCheats
Victory
Defeat
🇪🇨 Vikings · Ecuador
1344
+20
🇪🇨 Inca · Ecuador
1313
+21
🇪🇨 Burgundians · Ecuador
1193
+26
🇦🇷 Vietnamese · Argentina
1561
-72
🇲🇽 Britons · Mexico
1471
-24
🇦🇷 Romans · Argentina
1275
-16
John G
7:01 Loom
9:23 Feudal Age
14:17 Castle Age
14:15 Gold Mining
14:12 Double-Bit Axe
14:10 Horse Collar
20:53 Fletching
Velcott
7:58 Feudal Age
10:17 Wheelbarrow
13:23 Castle Age
12:04 Double-Bit Axe
12:13 Gold Mining
12:23 Horse Collar
19:02 Bow Saw
21:18 Heavy Plow
Sunday
8:21 Feudal Age
9:28 Horse Collar
9:34 Double-Bit Axe
10:25 Wheelbarrow
15:26 Castle Age
14:59 Forging
14:59 Scale Barding Armor
16:53 Heavy Plow
17:05 Bow Saw
19:17 Gold Mining
19:48 Fletching
20:46 Gold Shaft Mining
20:39 Loom
20:29 Man-at-Arms
20:48 Crossbowman
22:03 Bodkin Arrow
Xhiver
8:44 Feudal Age
10:07 Loom
13:02 Castle Age
11:47 Double-Bit Axe
12:14 Horse Collar
14:31 Champi Runner
16:47 Champi Warrior
18:23 Forging
19:06 Scale Mail Armor
19:21 Squires
20:43 Chain Mail Armor
21:31 Wheelbarrow
21:50 Iron Casting
21:20 Pikeman
25:28 Hand Cart
25:15 Heavy Plow
25:27 Bow Saw
Rey_Mono86
1:12 Double-Bit Axe
7:42 Feudal Age
6:56 Gold Mining
13:09 Castle Age
11:35 Bow Saw
11:32 Horse Collar
14:52 Two-Man Saw
13:51 Stone Mining
17:45 Heavy Plow
20:56 Wheelbarrow
21:25 Loom
22:22 Gold Shaft Mining
22:51 Hand Cart
27:21 Imperial Age
26:31 Scale Barding Armor
26:10 Cavalier
27:04 Forging
El_Warnersito
9:38 Feudal Age
13:31 Castle Age
11:43 Double-Bit Axe
13:08 Horse Collar
13:45 Loom
15:01 Bow Saw
14:52 Heavy Plow
18:10 Fletching
18:09 Town Watch
19:00 Bodkin Arrow
22:13 Scale Mail Armor
23:01 Forging
23:36 Chain Mail Armor
25:08 Iron Casting
Connection lost

Rejoining the realm…

Still unreachable

The connection could not be restored.

Session expired

The server has moved on; the page needs a fresh start.